 Dungeon Crawl Stone Soup version 0.27-a0-1591-gc56fcc985a (webtiles) character file.

Game seed: 9879024870770402198

253 Sin92 the Skirmisher (level 5, -5/42 HPs)
             Began as a Demonspawn Fighter on July 19, 2021.
             Slain by a worm (8 damage)
             ... on level 3 of the Dungeon.
             The game lasted 00:02:04 (2537 turns).

Sin92 the Skirmisher (Demonspawn Fighter)           Turns: 2537, Time: 00:02:05

Health: -5/42      AC:  6    Str: 14 (16) XL:     5   Next: 90%
Magic:  5/5        EV:  8    Int:  9 (10) God:
Gold:   206        SH:  9    Dex: 12 (13) Spells: 4/4 levels left

rFire    . . .     SeeInvis .   a - +0 long sword
rCold    . . .     Faith    .   c - +1 kite shield
rNeg     . . .     Spirit   .   b - +0 scale mail
rPois    .         Reflect  .   (no helmet)
rElec    .         Harm     .   (no cloak)
rCorr    .         Rampage  .   (no gloves)
Will     .....                  (no boots)
Stlth    ..........             (no amulet)
HPRegen  0.14/turn              (no ring)
MPRegen  0.09/turn              (no ring)

@: on berserk cooldown, slowed, very slow
A: talons 1, sturdy frame 1
a: no special abilities


You were on level 3 of the Dungeon.
You visited 1 branch of the dungeon, and saw 3 of its levels.
You also visited: Sewer.

You collected 206 gold pieces.

Inventory:

Hand Weapons
 a - a +0 long sword (weapon)
Armour
 b - a +0 scale mail (worn)
 c - a +1 kite shield (worn)
Scrolls
 d - a scroll of vulnerability {unknown}
 f - 3 scrolls of identify
Potions
 e - a potion of resistance {unknown}
 g - a potion of berserk rage


   Skills:
 + Level 3.9 Fighting
 + Level 3.0 Long Blades
 + Level 3.6 Armour
 + Level 2.0 Dodging
 + Level 3.5 Shields


You had 4 spell levels left.
You didn't know any spells.
Your spell library was empty.

Dungeon Overview and Level Annotations

Branches:
Dungeon (3/15)              Sewer (visited)

Altars:
Uskayaw


Innate Abilities, Weirdness & Mutations

You have sharp toenails.
Your movements are slightly less encumbered by armour. (ER -2)


Message History

You kill the orc!
An orc wizard comes into view. It is wielding a +0 dagger.
You closely miss the orc. You claw the orc.
The orc is almost dead.
You block the orc's attack.
You slash the orc!
You kill the orc!
The orc wizard points at you and mumbles some strange words.
You resist with some effort.
Things that are here:
a +0 short sword; a +0 trident You feel a strong urge to attack something.
You are no longer berserk.
You are exhausted.
You feel yourself slow down.
Your shield and scale mail prevent you from hitting the orc wizard.
You claw the orc wizard.
The orc wizard is moderately wounded.
The orc wizard mumbles some strange words.
The orc wizard flickers and vanishes!
Deactivating autopickup; reactivate with Ctrl-A.
Something hits you but does no damage. You block the worm's attack.
Something hits you.
* * * LOW HITPOINT WARNING * * *
Things that are here:
a +0 short sword; a +0 trident Unknown command.
Unknown command.
It was a potion of degeneration.
There was something very wrong with that liquid.
You feel weakened.
You feel dopey.
You feel clumsy. Something hits you but does no damage. The worm bites you.
* * * LOW HITPOINT WARNING * * *
Something hits you.
* * * LOW HITPOINT WARNING * * *
It was a potion of mutation.
You feel extremely strange.
You feel a little pissed off.
You feel a little more calm.
You feel less encumbered by your armour.
The worm bites you!
You die...

# ### #. ..##
####.####..#
#†......#..#
#....†..#..#
#.......#..##
...$_..{@...#
#......w#)..#
#...†..†#...####
#...†...#......#
####.####......#
...#.........####
................>#
########.......#.#
##.........#


You could see a worm.

Vanquished Creatures
  Purgy (Sewer)
  An orc priest (D:3)
  5 adders
  2 worms
  A dart slug (D:1)
  3 orcs (D:3)
  3 endoplasms
  4 giant cockroaches (D:3)
  7 goblins
  7 hobgoblins
  6 jackals
  4 kobolds
  2 quokkas
  6 ball pythons
  11 bats
  A frilled lizard (D:1)
  5 rats
69 creatures vanquished.

Notes
Turn   | Place    | Note
-------+----------+-------------------------------------------
     0 | D:1      | Sin92 the Demonspawn Fighter began the quest for the Orb.
     0 | D:1      | Reached XP level 1. HP: 18/18 MP: 1/1
   437 | D:1      | Gained mutation: You have sharp toenails. [demonic
                  | ancestry]
   437 | D:1      | Reached XP level 2. HP: 22/24 MP: 2/2
   661 | D:1      | Found a faded altar of an unknown god.
  1026 | D:1      | Reached XP level 3. HP: 22/29 MP: 3/3
  1388 | D:2      | Reached skill level 1 in Dodging
  2011 | D:2      | Reached XP level 4. HP: 25/35 MP: 4/4
  2304 | D:3      | Found a glowing drain.
  2329 | Sewer    | Entered a sewer
  2353 | Sewer    | Noticed Purgy
  2364 | Sewer    | Killed Purgy
  2365 | Sewer    | Reached XP level 5. HP: 36/42 MP: 5/5
  2511 | D:3      | Found a hide-covered altar of Uskayaw.
  2536 | D:3      | HP: 2/42 [something (2)]
  2537 | D:3      | Gained mutation: You tend to lose your temper in combat.
                  | [potion of mutation]
  2537 | D:3      | Lost mutation: You tend to lose your temper in combat.
                  | [potion of mutation]
  2537 | D:3      | Gained mutation: Your movements are slightly less
                  | encumbered by armour. (ER -2) [potion of mutation]
  2537 | D:3      | Slain by a worm

Illustrated notes

Levels and vault maps discovered:
D:1:      dpeg_arrival_water_fire, layout_loops_ring,
          ebering_ecumenical_altar_ruins, minmay_tetromino_o2
D:2:      layout_basic, kennysheep_generic_room_12
D:3:      layout_basic, mainiacjoe_overflow_alcove_4,
          nicolae_uskayaw_murder_on_the_dancefloor, portal_sewer_entry_f

Skill      XL: |  1  2  3  4  5 |
---------------+----------------+-----
Long Blades    | 2 3 |  3.0
Armour         | 3 |  3.6
Shields        | 3 |  3.5
Dodging        | 1 2 |  2.0
Fighting       | |  3.9

Action                   |  1- 3 |  4- 6 || total
-------------------------+-------+-------++-------
Melee: Long sword        |   124 |    54 ||   178
       Kick              |    24 |    13 ||    37
  Use: Scroll            |     2 |     1 ||     3
       Potion            |       |     4 ||     4
Armor: Scale mail        |    66 |    32 ||    98
Dodge: Dodged            |    47 |    23 ||    70
Block: Kite shield       |    81 |    55 ||   136
       Rpst.: Long sword |    14 |     5 ||    19

Table legend: (Time is in decaauts)
 A = Elapsed time spent in this place.
 B = Non-inter-level travel time spent in this place.
 C = Inter-level travel time spent in this place.
 D = Time resting spent in this place.
 E = Time spent auto-exploring this place.
 F = Levels seen in this place.
 G = Mean time per level.
                   A        B        C        D        E       F      G
               +--------+--------+--------+--------+--------+-----+--------+
         Total |   2634 |   2606 |     28 |      0 |   2118 |   4 |  658.5 |
       Dungeon |   2527 |   2499 |     28 |      0 |   2062 |   3 |  842.3 |
         Sewer |    106 |    106 |      0 |      0 |     56 |   1 |  106.0 |
               +--------+--------+--------+--------+--------+-----+--------+

Top non-repeatable levels by time:
     D:1: 1334 daAuts
     D:2: 975 daAuts
     D:3: 217 daAuts
   Sewer: 106 daAuts
